 Dungeon Crawl Stone Soup version 0.29-a0-275-g389c0b56f3 (webtiles) character file.

Game seed: 13085209424081136133

6 PaleWalker the Stinger (level 1, -3/15 HPs)
             Began as a Naga Venom Mage on Mar 10, 2022.
             Slain by a quokka (4 damage)
             ... on level 1 of the Dungeon.
             The game lasted 00:00:59 (160 turns).

PaleWalker the Stinger (Naga Venom Mage)             Turns: 160, Time: 00:01:00

Health: -3/15      AC:  1    Str: 10    XL:     1   Next: 90%
Magic:  0/3        EV:  9    Int: 15    God:
Gold:   10         SH:  0    Dex: 11    Spells: 3/4 levels left

rFire   . . .      SeeInvis +   (no weapon)
rCold   . . .      Faith    .   (no shield)
rNeg    . . .      Spirit   .   a - +0 robe
rPois   +          Reflect  .   (no helmet)
rElec   .          Harm     .   (no cloak)
rCorr   .          Rampage  .   (no gloves)
Will    .....                   (no barding)
Stlth   ++........              (no amulet)
HPRegen 0.05/turn               (no ring)
MPRegen 0.08/turn               (no ring)

@: very slow
A: AC +0, large, see invisible, deformed body, poison resistance, slowness 2,
spit poison 1, naga tail 1
a: Spit Poison


You were on level 1 of the Dungeon.
You visited 1 branch of the dungeon, and saw 1 of its levels.

You collected 10 gold pieces.

Inventory:

Armour
 a - a +0 robe (worn)
Potions
 b - a potion of magic


   Skills:
 - Level 1.5 Dodging
 - Level 3.0 Stealth
 - Level 2.0 Spellcasting
 + Level 1.3 Transmutations
 * Level 4.4 Poison Magic


You had 3 spell levels left.
You knew the following spells:

 Your Spells              Type           Power      Damage    Failure   Level
a - Sting                 Tmut/Pois      40%        1d5       7%          1

Your spell library contained the following spells:

 Spells                   Type           Power      Damage    Failure   Level
 Poisonous Vapours        Pois/Air       16%        N/A       14%         2
 Mephitic Cloud           Conj/Pois/Air  5%         N/A       36%         3
 Olgreb's Toxic Radiance  Pois           14%        N/A       34%         4


Dungeon Overview and Level Annotations

Branches:
Dungeon (1/15)

Altars:


Innate Abilities, Weirdness & Mutations

Your serpentine skin is tough. (AC +0)
You have supernaturally acute eyesight. (SInv)
Armour fits poorly on your strangely shaped body.
Your system is resistant to poisons. (rPois)
You cover ground very slowly.
You can spit poison.
You have a snake-like lower body.


Message History

The sting hits the giant cockroach.
The giant cockroach looks even sicker.
The giant cockroach is severely wounded.
You kill the giant cockroach!
HP restored.
A bat comes into view.
The sting hits the bat.
The bat is poisoned.
The bat is heavily wounded.
You kill the bat!
Found 17 stones.
You see here 17 stones. 2 quokkas come into view.
The sting hits the quokka but does no damage.
The quokka is poisoned.
You miscast Sting.
You are very lightly contaminated with residual magic.
Nothing appears to happen.
The quokka bites you.
The sting hits the quokka.
The quokka looks even sicker.
The quokka is almost dead.
You are too depleted to draw on your mana recklessly!
You are too depleted to draw on your mana recklessly!
You closely miss the quokka.
You kill the quokka!
The quokka bites you.
You hit the quokka.
The quokka is moderately wounded.
The quokka bites you.
You hit the quokka.
The quokka is heavily wounded.
The quokka barely misses you.
The quokka twitches its whiskers.
The quokka bites you.
* * * LOW HITPOINT WARNING * * *
You completely miss the quokka.
The quokka is moderately wounded.
The quokka barely misses you. The quokka misses you.
Your magical contamination has completely faded away.
The quokka twitches its whiskers.
The quokka bites you.
You die...

..# #.. #.#
#.########## ##
#...........
#..#...........
#..#..#...........
.........r@.......
......#†##########
##... #.# #..
#.######## #.
#......... ..
#.....^... #
#.........
#(........
#.........


You could see a quokka.

Vanquished Creatures
  A bat (D:1)
  2 giant cockroaches (D:1)
  A quokka (D:1)
  A kobold (D:1)
5 creatures vanquished.

Notes
Turn   | Place    | Note
-------+----------+-------------------------------------------
     0 | D:1      | PaleWalker the Naga Venom Mage began the quest for the Orb.
     0 | D:1      | Reached XP level 1. HP: 15/15 MP: 3/3
   160 | D:1      | Slain by a quokka

Illustrated notes

Levels and vault maps discovered:
D:1:      lightli_arrival_chessboard, layout_basic

Action                   || total
-------------------------++-------
Melee: Unarmed           ||     4
 Cast: Sting             ||     8
Dodge: Dodged            ||     4

Table legend: (Time is in decaauts)
 A = Elapsed time spent in this place.
 B = Non-inter-level travel time spent in this place.
 C = Inter-level travel time spent in this place.
 D = Time resting spent in this place.
 E = Time spent auto-exploring this place.
 F = Levels seen in this place.
 G = Mean time per level.
                   A        B        C        D        E       F      G
               +--------+--------+--------+--------+--------+-----+--------+
         Total |    190 |    190 |      0 |      0 |    159 |   1 |  190.0 |
       Dungeon |    190 |    190 |      0 |      0 |    159 |   1 |  190.0 |
               +--------+--------+--------+--------+--------+-----+--------+

Top non-repeatable levels by time:
     D:1: 190 daAuts
